 Dungeon Crawl Stone Soup version 0.28-a0-535-g6f645e4c1d (webtiles) character file.

Game seed: 10594849130296227327

485 Anon1729 the Sneak (level 6, 0/38 (47) HPs)
             Began as a Vampire Brigand on Sept 26, 2021.
             Was a Believer of Vehumet.
             Slain by a wight (1 damage)
             ... on level 2 of the Dungeon.
             The game lasted 00:04:54 (2895 turns).

Anon1729 the Sneak (Vampire Brigand)                Turns: 2895, Time: 00:04:54

HP:   0/38 (47)     AC:  4    Str: 10    XL:     6   Next: 88%
MP:   5/6           EV: 13    Int: 16    God:    Vehumet [**....]
Gold: 59            SH:  0    Dex: 15    Spells: 3/5 levels left

rFire   . . .      SeeInvis +   a - +2 dagger
rCold   . . .      Faith    .   (no shield)
rNeg    . . .      Spirit   .   b - +0 robe
rPois   .          Reflect  .   h - +0 helmet
rElec   .          Harm     .   c - +0 cloak
rCorr   .          Rampage  .   (no gloves)
Will    .....                   (no boots)
Stlth   ++++......              (no amulet)
HPRegen 0.32/turn               (no ring)
MPRegen 0.10/turn               (no ring)

@: flying, very slightly contaminated, healing quickly, heavily drained
A: alive, fangs 3, see invisible, vampiric 2
a: Exsanguinate, Renounce Religion


You were on level 2 of the Dungeon.
You worshipped Vehumet.
Vehumet was pleased with you.
You visited 1 branch of the dungeon, and saw 3 of its levels.

You collected 59 gold pieces.

Inventory:

Hand Weapons
 a - a +2 dagger (weapon)
Missiles
 d - 7 poisoned darts
 e - 2 curare-tipped darts
 k - 35 stones
Armour
 b - a +0 robe (worn)
 c - a +0 cloak (worn)
 h - a +0 helmet (worn)
Scrolls
 j - 2 scrolls of fear {unknown}
Potions
 g - a potion of curing {unknown}
 i - a potion of might {unknown}
 l - a potion of resistance {unknown}


   Skills:
 - Level 3.4 Fighting
 + Level 4.0 Short Blades
 - Level 3.0 Throwing
 + Level 3.5 Dodging
 + Level 7.7 Stealth
 + Level 0.0 Spellcasting
 + Level 0.0 Earth Magic


You had 3 spell levels left.
You knew the following spells:

 Your Spells              Type           Power      Damage    Failure   Level
a - Magic Dart            Conj           0%         1d3       26%         1
b - Sandblast             Erth           0%         2d4       26%         1

Your spell library contained the following spells:

 Spells                   Type           Power      Damage    Failure   Level
 Ignite Poison            Fire/Tmut/Pois 0%         N/A       58%         3
 Passwall                 Tmut/Erth      0%         N/A       36%         2
 Stone Arrow              Conj/Erth      0%         3d7       58%         3


Dungeon Overview and Level Annotations

Branches:
Dungeon (3/15)

Altars:
Ashenzari
Kikubaaqudgha
Vehumet


Innate Abilities, Weirdness & Mutations

Your natural rate of healing is accelerated.
You have razor-sharp teeth.
You have supernaturally acute eyesight. (SInv)
You are afflicted with vampirism and can become a bat while bloodless.


Message History

The wight is moderately damaged.
The wight hits you with a +1 vorpal hand axe!
You feel drained.
You are too injured to fight recklessly!
You are too injured to fight recklessly!
You are too injured to fight recklessly!
You are too injured to fight recklessly!
You are too injured to fight recklessly!
You are too injured to fight recklessly!
You are too injured to fight recklessly!
You are too injured to fight recklessly!
You are too injured to fight recklessly!
You are too injured to fight recklessly!
You are too injured to fight recklessly!
You are too injured to fight recklessly!
You are too injured to fight recklessly!
You are too injured to fight recklessly!
You are too injured to fight recklessly!
You are too injured to fight recklessly!
You are too injured to fight recklessly!
You are too injured to fight recklessly!
You are too injured to fight recklessly!
You are too injured to fight recklessly!
Casting: Sandblast (safe; 26% risk of failure)
Confirm with . or Enter, or press ? or * to list all spells.
Aiming: Sandblast (safe; 26% risk of failure)
Press: ? - help, Shift-Dir - straight line, f - wight
Aim: a wight, wielding a +1 vorpal hand axe and wearing a +0 robe (moderately damaged, 78% to hit)
You miscast Sandblast.
You are very lightly contaminated with residual magic.
Nothing appears to happen.
The wight hits you with a +1 vorpal hand axe!
* * * LOW HITPOINT WARNING * * *
x2
Okay, then.
It was a potion of flight.
You feel very buoyant.
You fly up into the air.
The wight hits you with a +1 vorpal hand axe.
* * * LOW HITPOINT WARNING * * *
You die...

........##...............#
.###..####...............#
........................##
..........##.....#.....##
.....####..........#####
#.#..# ##.........#
..##.#####..##....<#
####.##.[..###..z..#
#.#..#### #..@..#
####.#.## #.....# .......#
####### #......###
##.......# ......##.###
......##>..###
......####...####
#......##..(....#####


You could see a wight.

Vanquished Creatures
  Sigmund (D:3)
  2 wights (D:3)
  Terence (D:2)
  Natasha (thrice) (D:2)
  5 adders
  A worm (D:3)
  3 dart slugs
  2 orcs (D:3)
  9 ball pythons
  2 bat zombies (D:3)
  11 endoplasms
  2 giant cockroaches (D:2)
  7 goblins
  4 hobgoblins
  7 jackals
  3 kobolds
  A quokka (D:2)
  4 bats
  2 frilled lizards (D:2)
  7 rats
  2 rat zombies (D:3)
79 creatures vanquished.

Notes
Turn   | Place    | Note
-------+----------+-------------------------------------------
     0 | D:1      | Anon1729 the Vampire Brigand began the quest for the Orb.
     0 | D:1      | Reached XP level 1. HP: 16/16 MP: 1/1
   209 | D:1      | Reached skill level 6 in Stealth
   238 | D:1      | Reached XP level 2. HP: 15/22 MP: 2/2
   649 | D:1      | Found a faded altar of an unknown god.
   658 | D:1      | Became a worshipper of Vehumet
   658 | D:1      | Reached * piety under Vehumet
   658 | D:1      | Offered knowledge of Foxfire by Vehumet.
   941 | D:2      | Gained mutation: You are afflicted with vampirism and can
                  | become a bat while bloodless. [Vampire growth]
   941 | D:2      | Reached XP level 3. HP: 27/27 MP: 3/3
  1001 | D:2      | Noticed Natasha
  1017 | D:2      | Killed Natasha
  1023 | D:2      | Reached XP level 4. HP: 15/34 MP: 4/4
  1068 | D:2      | Noticed Natasha
  1076 | D:2      | Noticed Terence
  1095 | D:2      | Killed Terence
  1202 | D:3      | Reached XP level 5. HP: 23/39 MP: 5/5
  1343 | D:2      | Killed Natasha
  1387 | D:2      | Noticed Natasha
  1507 | D:2      | Killed Natasha
  1508 | D:2      | Reached skill level 7 in Stealth
  1638 | D:2      | Reached ** piety under Vehumet
  1638 | D:2      | Offered knowledge of Magic Dart by Vehumet.
  1700 | D:2      | Learned a level 1 spell: Magic Dart
  1781 | D:2      | Learned a level 1 spell: Sandblast
  2029 | D:3      | Noticed Sigmund
  2032 | D:3      | Killed Sigmund
  2033 | D:3      | Reached XP level 6. HP: 47/47 MP: 6/6
  2120 | D:3      | Found a broken altar of Ashenzari.
  2664 | D:3      | Found an ancient bone altar of Kikubaaqudgha.
  2747 | D:3      | Offered knowledge of Ignite Poison by Vehumet.
  2895 | D:2      | HP: 1/38 [wight (2)]
  2895 | D:2      | Slain by a wight

Illustrated notes

Levels and vault maps discovered:
D:1:      matt_arrival_spirals, layout_loops_ring,
          shapermc_ecumenical_altar_flowoftime, chequers_garden
D:2:      layout_rooms, uniq_terence, uniq_natasha
D:3:      minmay_skewed_foursquare, layout_basic, nicolae_ashenzari_skybound,
          zin_academy, lemuel_zombie_altar_kikubaaqudgha, minivault_26,
          st_stairs_9, uniq_jessica, uniq_sigmund, uniq_crazy_yiuf_cottage

Skill      XL: |  1  2  3  4  5  6 |
---------------+-------------------+-----
Stealth        | 6 7 |  7.7
Fighting       | 2 3 |  3.4
Throwing       | 2 3 |  3.0
Dodging        | 2 3 |  3.5
Short Blades   | 3 4 |  4.0

Action                   |  1- 3 |  4- 6 || total
-------------------------+-------+-------++-------
Melee: Dagger            |    79 |   192 ||   271
       Bite              |     4 |    19 ||    23
Throw: Dart              |       |     5 ||     5
 Cast: Sandblast         |       |    10 ||    10
       Magic Dart        |       |     1 ||     1
  Use: Potion            |       |     1 ||     1
 Stab: Sleeping          |    14 |    10 ||    24
       Distracted        |       |     1 ||     1
Armor: Robe              |    24 |    24 ||    48
Dodge: Dodged            |    58 |   144 ||   202

Table legend: (Time is in decaauts)
 A = Elapsed time spent in this place.
 B = Non-inter-level travel time spent in this place.
 C = Inter-level travel time spent in this place.
 D = Time resting spent in this place.
 E = Time spent auto-exploring this place.
 F = Levels seen in this place.
 G = Mean time per level.
                   A        B        C        D        E       F      G
               +--------+--------+--------+--------+--------+-----+--------+
         Total |   2866 |   2816 |     50 |    376 |   1816 |   3 |  955.3 |
       Dungeon |   2866 |   2816 |     50 |    376 |   1816 |   3 |  955.3 |
               +--------+--------+--------+--------+--------+-----+--------+

Top non-repeatable levels by time:
     D:3: 1087 daAuts
     D:1: 1086 daAuts
     D:2: 693 daAuts
